 Dungeon Crawl Stone Soup version 0.28.0-49-g6dfe1f597d (webtiles) character file.

Game seed: 16897296224358730350

156 mortz the Conjurer (level 5, -9/28 HPs)
             Began as a Deep Elf Conjurer on May 13, 2022.
             Mangled by a wyvern zombie (13 damage)
             ... on level 3 of the Dungeon.
             The game lasted 00:12:00 (3344 turns).

mortz the Conjurer (Deep Elf Conjurer)              Turns: 3344, Time: 00:12:01

Health: -9/28      AC:  3    Str:  4    XL:     5   Next: 15%
Magic:  8/13       EV: 11    Int: 25    God:
Gold:   167        SH:  0    Dex: 13    Spells: 9/12 levels left

rFire   . . .      SeeInvis .   b - +0 rapier {short}
rCold   . . .      Faith    .   j - orb {light}
rNeg    . . .      Spirit   .   m - +0 leather armour
rPois   .          Reflect  .   (no helmet)
rElec   .          Harm     .   t - scarf {shadows}
rCorr   .          Rampage  .   (no gloves)
Will    .....                   (no boots)
Stlth   +.........              h - amulet of regeneration {@e2}
HPRegen 0.89/turn               (no ring)
MPRegen 0.13/turn               (no ring)

@: glowing
A: no striking features
a: no special abilities


You were on level 3 of the Dungeon.
You visited 1 branch of the dungeon, and saw 3 of its levels.

You collected 167 gold pieces.


   Skills:
 + Level 0.3 Armour
 + Level 2.9 Dodging
 + Level 2.6 Stealth
 + Level 4.4 Spellcasting
 + Level 5.9 Conjurations
 * Level 1.5 Translocations


You had 9 spell levels left.
You knew the following spells:

 Your Spells              Type           Power      Damage    Failure   Level
a - Magic Dart            Conj           100%       1d8       1%          1
b - Searing Ray           Conj           70%        2d7       1%          2

Your spell library contained the following spells:

 Spells                   Type           Power      Damage    Failure   Level
 Dazzling Flash           Conj/Hex       40%        N/A       14%         3
 Iskenderun's Mystic Bla  Conj/Tloc      24%        2d7       32%         4
 Fulminant Prism          Conj/Hex       10%        3d9       43%         4

Inventory:

Hand Weapons
 b - a +0 rapier (weapon) {short}
   (You found it on level 1 of the Dungeon)
 r - a +0 hand axe {axe}
   (You took it off an orc on level 3 of the Dungeon)
Missiles
 c - 7 poisoned darts {throwing}
 d - 27 stones {throwing}
 p - 4 curare-tipped darts {=fthrowing}
 q - a boomerang of dispersal {=f!fthrowing}
Armour
 j - an orb of light (worn)
   (You found it on level 2 of the Dungeon)
 m - a +0 leather armour (worn)
   (You took it off a goblin on level 2 of the Dungeon)
 t - a scarf of shadows (worn)
   (You found it on level 3 of the Dungeon)
Jewellery
 h - an amulet of regeneration (around neck) {@e2}
   (You found it on level 1 of the Dungeon)
Wands
 a - a wand of paralysis (9)
   (You took it off a kobold on level 3 of the Dungeon)
Scrolls
 e - a scroll of blinking {unknown}
 k - a scroll of identify {unknown}
 l - a scroll of holy word {unknown}
 n - a scroll of vulnerability {unknown}
 o - a scroll of brand weapon {unknown}
 s - a scroll of enchant weapon {unknown}
Potions
 f - 2 potions of magic {unknown}
 g - a potion of berserk rage {unknown}
 i - a potion of lignification {unknown}

Dungeon Overview and Level Annotations

Branches:
Dungeon (3/15)

Altars:

#..##.# # #..##.#
# #..##.###
#........
##......# #.##.<##
###########.##..##
#.Z.........))....
#@# ########.#####
#.# ###)# #
#####.# #...# #
#.....# #.#.# #
#.##### #.#.#####
#.# #)#...)..
##.## #.####.##
####.#>#### #.
#.## #...###...#
#. #...


You could see a wyvern zombie.


Message History

Press: ? - help, Q - select action, (/) - cycle Shift-Dir - straight line, f - kobold
Aim: a kobold, wielding a +0 short sword and quivering stones (asleep, 100% to hit)
The magic dart hits the kobold.
You kill the kobold! 😎 MP[-1]
You lost 1 mp, and now have 12/13 mp.
A kobold is nearby!
Casting: Magic Dart (safe; 1% risk of failure)
Confirm with . or Enter, or press ? or * to list all spells.
Aiming: Searing Ray (safe; 1% risk of failure)
Press: ? - help, Shift-Dir - straight line, f - kobold
Aim: a kobold, wielding a +0 short sword, wearing a +0 ring mail and quivering poisoned darts (wandering, hasn't noticed you, haloed, 84% to hit)
The searing ray hits the kobold!
You kill the kobold! (Press . to maintain the ray.) 😎 MP[-2]
You lost 2 mp, and now have 10/13 mp.
A bat comes into view. 😎 MP[+3]
Your mp is fully restored (13).
Aiming: Magic Dart (safe; 1% risk of failure)
Press: ? - help, Q - select action, (/) - cycle Shift-Dir - straight line, f - bat
Aim: a bat (asleep, 100% to hit)
The magic dart hits the bat. 😎 MP[-1]
You lost 1 mp, and now have 12/13 mp.
Aiming: Magic Dart (safe; 1% risk of failure)
Press: ? - help, Q - select action, (/) - cycle Shift-Dir - straight line, f/p - bat
Aim: a bat (moderately wounded, 100% to hit)
The magic dart hits the bat.
You kill the bat! 😎 MP[-1]
You lost 1 mp, and now have 11/13 mp.
c - 7 poisoned darts {throwing} (gained 4)
You now have 167 gold pieces (gained 8).
Things that are here:
a +0 short sword {short}; a +0 ring mail; a kobold corpse 😎 MP[+2]
Your mp is fully restored (13).
Things that are here:
a +0 short sword {short}; 3 stones {throwing}; a kobold corpse A frilled lizard comes into view.
Casting: Magic Dart (safe; 1% risk of failure)
Confirm with . or Enter, or press ? or * to list all spells.
Aiming: Searing Ray (safe; 1% risk of failure)
Press: ? - help, Shift-Dir - straight line, f - frilled lizard
Aim: a frilled lizard (asleep, haloed, 100% to hit)
The searing ray hits the frilled lizard.
You kill the frilled lizard! (Press . to maintain the ray.) 😎 MP[-2]
You lost 2 mp, and now have 11/13 mp.
You see here a +0 robe.
t - a scarf of shadows 😎 MP[+2]
Your mp is fully restored (13).
You start putting on your armour.
You continue putting on your scarf of shadows. x4
You finish putting on your scarf of shadows.
It gets dark.
You see here a +0 robe.
Found a stone staircase leading down.
There is a stone staircase leading down here.
There is a stone staircase leading down here.
A wyvern zombie comes into view.
Casting: Searing Ray (safe; 1% risk of failure)
Confirm with . or Enter, or press ? or * to list all spells.
Aiming: Searing Ray (safe; 1% risk of failure)
Press: ? - help, Shift-Dir - straight line, f - wyvern zombie
Aim: a wyvern zombie (haloed, 95% to hit)
The searing ray hits the wyvern zombie. (Press . to maintain the ray.)
The wyvern zombie bites you. 😕 HP[-4] MP[-2]
You take 4 damage, and now have 24/28 hp.
You lost 2 mp, and now have 11/13 mp.
The searing ray hits the wyvern zombie!
The wyvern zombie barely misses you.
The wyvern zombie bites you! 😮 HP[-9] MP[-1]
You take 9 damage, and now have 15/28 hp.
MASSIVE DAMAGE!! (PAUSE)
You lost 1 mp, and now have 10/13 mp.
The searing ray hits the wyvern zombie.
The wyvern zombie closely misses you. 😮 HP[+1] MP[-1]
You lost 1 mp, and now have 9/13 mp.
The searing ray hits the wyvern zombie.
You finish channelling your searing ray.
The wyvern zombie bites you!
Ouch! That really hurt!
* * * LOW HITPOINT WARNING * * *
😱 HP[-13] MP[-1]
You take 13 damage, and now have 3/28 hp.
MASSIVE DAMAGE!! (PAUSE)
You lost 1 mp, and now have 8/13 mp.
Aiming: Paralyse
Press: ? - help, Q - select action, (/) - cycle Shift-Dir - straight line, f/p - wyvern zombie
Aim: a wyvern zombie (severely damaged, haloed, chance to affect: 61%)
The wyvern zombie resists with significant effort.
The wyvern zombie bites you!
You die...

Skill      XL: |  1  2  3  4 |
---------------+-------------+-----
Conjurations   | 5 |  5.9
Translocations | 1 |  1.5
Spellcasting   | 4 |  4.4
Armour         | |  0.3
Dodging        | |  2.9
Stealth        | |  2.6

Action                   |  1- 3 |  4- 6 || total
-------------------------+-------+-------++-------
Melee: Rapier            |     6 |       ||     6
 Cast: Magic Dart        |    63 |    12 ||    75
       Searing Ray       |    19 |     9 ||    28
Evoke: Wand              |       |     1 ||     1
Dodge: Dodged            |    13 |     2 ||    15

Levels and vault maps discovered:
D:1:      minmay_arrival_wavy_path, layout_basic,
          corexii_item_surrounded_by_moat
D:2:      layout_basic
D:3:      layout_loops_ring

Notes
Turn   | Place    | Note
-------+----------+-------------------------------------------
     0 | D:1      | mortz the Deep Elf Conjurer began the quest for the Orb.
     0 | D:1      | Reached XP level 1. HP: 10/10 MP: 6/6
     0 | D:1      | magus.rc [v1.9.6]
   261 | D:1      | Reached XP level 2. HP: 15/15 MP: 6/8
   264 | D:1      | Learned a level 2 spell: Searing Ray
   932 | D:1      | Reached skill level 5 in Conjurations
  1312 | D:2      | Reached XP level 3. HP: 19/19 MP: 6/9
  2618 | D:3      | Reached XP level 4. HP: 24/24 MP: 7/11
  2623 | D:3      | Reached skill level 1 in Translocations
  2750 | D:3      | Reached skill level 4 in Spellcasting
  2804 | D:3      | Reached XP level 5. HP: 28/28 MP: 7/13
  3343 | D:3      | HP: 3/28 [wyvern zombie (14)]
  3344 | D:3      | Mangled by a wyvern zombie

Vanquished Creatures
  An orc priest (D:3)
  2 orc wizards (D:3)
  A worm (D:2)
  A dart slug (D:2)
  5 orcs (D:3)
  3 ball pythons
  8 endoplasms
  3 giant cockroaches (D:2)
  8 goblins
  3 hobgoblins
  2 jackals (D:2)
  5 kobolds
  4 quokkas
  6 bats
  5 frilled lizards
  6 rats
63 creatures vanquished.

Table legend:
 A = Non-vault XP
 B = Vault XP
 C = Vault XP percentage of total XP
 D = Non-vault monster count
 E = Vault monster count
 F = Vault count percentage of total count
                 A         B        C        D         E       F
            +---------+---------+-------+---------+---------+-------
      Total |     224 |       0 |   0.0 |      63 |       0 |   0.0
            +---------+---------+-------+---------+---------+-------
        D:1 |      34 |       0 |   0.0 |      19 |       0 |   0.0
        D:2 |      45 |       0 |   0.0 |      23 |       0 |   0.0
        D:3 |     145 |       0 |   0.0 |      21 |       0 |   0.0
            +---------+---------+-------+---------+---------+-------

Illustrated notes

Table legend:
 A = Kills in this place as a percentage of kills in entire the game.
 B = Kills by you in this place as a percentage of kills by you in the entire game.
 C = Kills by friends in this place as a percentage of kills by friends in the entire game.
 D = Other kills in this place as a percentage of other kills in the entire game.
 E = Experience gained in this place as a percentage of experience gained in the entire game.
 F = Experience gained in this place divided by the number of levels of this place that you have seen.
                   A       B       C       D       E      F
               +-------+-------+-------+-------+-------+----------------------
         Total | 100.0 | 100.0 |   N/A |   N/A | 100.0 |  74.7
       Dungeon | 100.0 | 100.0 |   N/A |   N/A | 100.0 |  74.7
               +-------+-------+-------+-------+-------+----------------------

Table legend: (Time is in decaauts)
 A = Elapsed time spent in this place.
 B = Non-inter-level travel time spent in this place.
 C = Inter-level travel time spent in this place.
 D = Time resting spent in this place.
 E = Time spent auto-exploring this place.
 F = Levels seen in this place.
 G = Mean time per level.
                   A        B        C        D        E       F      G
               +--------+--------+--------+--------+--------+-----+--------+
         Total |   3345 |   3255 |     90 |    330 |   2551 |   3 | 1115.0 |
       Dungeon |   3345 |   3255 |     90 |    330 |   2551 |   3 | 1115.0 |
               +--------+--------+--------+--------+--------+-----+--------+

Top non-repeatable levels by time:
     D:2: 1197 daAuts
     D:1: 1179 daAuts
     D:3: 968 daAuts
